AoeStats
← AxingQuestions

Nomad

509112965Analyzed
4v4 RM · 5d ago on Sep 25, 2026· 24m 46s· 8 players
Game mode
Random Map
Map size
231×231
Population
200
Speed
Normal
Resources
Standard
Victory
Conquest
Starting age
Dark Age
Ending age
Imperial Age
RankedLock teamsTeams togetherTeam positionsShared explorationLock speedFull tech treeHidden civsTurbo modeCheats
Victory
Defeat
🇨🇳 Magyars · China
1325
+13
🇨🇳 Huns · China
1312
+13
1253
+16
🇨🇳 Vietnamese · China
1103
+21
🇮🇹 Koreans · Italy
1278
-17
🇨🇳 Varangians · China
1256
-16
🇺🇸 Vikings · United States
1227
-15
🇩🇪 Italians · Germany
1221
-15
AxingQuestions
6:20 Loom
14:13 Feudal Age
18:14 Castle Age
16:58 Double-Bit Axe
17:49 Forging
18:52 Horse Collar
Hansel
5:24 Loom
13:39 Feudal Age
21:04 Castle Age
19:18 Fletching
Tonytony_Chopper
3:30 Loom
14:18 Feudal Age
19:00 Castle Age
16:57 Fishing Lines
19:08 Double-Bit Axe
20:49 Bow Saw
20:32 Gold Mining
20:39 Gillnets
21:12 Fletching
22:00 Wheelbarrow
23:08 Medium Warships
ABCDE
5:09 Loom
14:47 Feudal Age
19:20 Castle Age
17:24 Double-Bit Axe
19:17 Stone Mining
19:28 Fishing Lines
微辣十三香
5:05 Loom
14:35 Feudal Age
18:22 Castle Age
17:20 Double-Bit Axe
17:47 Fishing Lines
19:55 Scale Barding Armor
24:58 Wheelbarrow
25:15 Forging
欧泡
4:35 Loom
12:34 Feudal Age
14:48 Fletching
14:54 Double-Bit Axe
18:04 Wheelbarrow
20:31 Castle Age
20:40 Fishing Lines
20:34 Crossbowman
24:54 Bodkin Arrow
左拳伤害高 右拳高伤害
3:07 Loom
13:22 Feudal Age
15:53 Double-Bit Axe
18:36 Castle Age
17:49 Fishing Lines
18:39 Stone Mining
19:54 Bow Saw
25:02 Town Watch
七七四十一
5:16 Loom
13:41 Feudal Age
15:27 Double-Bit Axe
18:45 Scale Barding Armor
Connection lost

Rejoining the realm…

Still unreachable

The connection could not be restored.

Session expired

The server has moved on; the page needs a fresh start.